 Dungeon Crawl Stone Soup version 0.25-a0-184-gcd15a05269 (webtiles) character file.

Game seed: 10108507409601011403, levelgen mode: deterministic

5328 GameOver the Zephyrmancer (level 10, 75/75 HPs)
             Began as a Naga Wizard on Oct 30, 2019.
             Was an Elder of Okawaru.
             Got out of the dungeon alive.
             The game lasted 00:49:43 (6739 turns).

GameOver the Zephyrmancer (Naga Wizard)             Turns: 6739, Time: 00:49:44

Health: 75/75      AC:  6    Str:  9    XL:     10   Next: 64%
Magic:  26/26      EV: 10    Int: 22    God:    Okawaru [****..]
Gold:   173        SH:  0    Dex: 10    Spells: 6/18 levels left

rFire    . . .     SeeInvis +   w - +1 trident (pierce)
rCold    + . .     Gourm    .   (no shield)
rNeg     . . .     Faith    .   a - +0 robe
rPois    +         Spirit   .   J - +2 hat
rElec    .         Reflect  .   (no cloak)
rCorr    .         Harm     .   (no gloves)
MR       +....                  (no barding)
Stlth    +++.......             l - amulet of the acrobat
HPRegen  0.22/turn              r - ring of protection from cold
MPRegen  0.20/turn              q - ring of magical power

@: very slow
A: large, see invisible, deformed body, poison resistance, slowness 2, slow
metabolism 1, spit poison 1, AC +3
a: Spit Poison, Heroism, Renounce Religion


You escaped.
You worshipped Okawaru.
Okawaru was greatly pleased with you.
You were hungry.

You visited 2 branches of the dungeon, and saw 9 of its levels.

You collected 368 gold pieces.
You spent 195 gold pieces at shops.

Inventory:

Hand Weapons
 k - a +3 shortbow
 s - a +0 spear
 w - a +1 trident of piercing (weapon)
 D - a +1 glaive of venom
 H - a +2 dagger of venom
 Z - a +0 club {Wilson}
Missiles
 m - 11 javelins (quivered)
Armour
 a - a +0 robe (worn)
 J - a +2 hat (worn)
Jewellery
 l - an amulet of the acrobat (around neck)
 q - a ring of magical power (right hand)
 r - a ring of protection from cold (left hand)
 K - an uncursed ring of resist corrosion
Wands
 z - a wand of paralysis (5)
 F - a wand of digging (4)
 W - a wand of enslavement (7)
Scrolls
 e - a scroll of fear
 g - 6 scrolls of fog {unknown}
 i - 4 scrolls of magic mapping
 j - a scroll of enchant armour
 o - 2 scrolls of blinking {unknown}
 v - 2 scrolls of amnesia
 x - 6 scrolls of remove curse
 y - 2 scrolls of immolation {unknown}
 E - 5 scrolls of teleportation
 G - 3 scrolls of identify
Potions
 c - 2 potions of resistance
 f - 5 potions of curing
 h - 4 potions of lignification {unknown}
 n - 2 potions of agility
 p - 3 potions of heal wounds
 t - 2 potions of cancellation {unknown}
 u - 2 potions of might {unknown}
 A - a potion of ambrosia
 B - 2 potions of degeneration {unknown}
 C - a potion of flight
 I - a potion of mutation
Comestibles
 d - 21 rations


   Skills:
 - Level 6.0 Polearms
 - Level 1.5 Dodging
 - Level 6.0 Stealth
 + Level 4.7 Spellcasting
 + Level 7.9 Conjurations
   Level 1.0 Summonings
 - Level 3.0 Translocations
 - Level 9.0 Air Magic
 - Level 6.1 Poison Magic


You had 6 spell levels left.
You knew the following spells:

 Your Spells              Type           Power        Failure   Level  Hunger
a - Magic Dart            Conj           ####         1%          1    None
b - Blink                 Tloc           N/A          4%          2    None
d - Mephitic Cloud        Conj/Pois/Air  #####...     1%          3    ##.....
f - Conjure Flame         Conj/Fire      ###.....     6%          3    ##.....
s - Static Discharge      Conj/Air       #####...     1%          3    ##.....

Your spell library contained the following spells:

 Spells                   Type           Power        Failure   Level  Hunger
 Stone Arrow              Conj/Erth      ###...       6%          3    ##.....
 Lightning Bolt           Conj/Air       #####.....   9%          5    #####..
 Sandblast                Erth           #.....       11%         1    None
 Call Imp                 Summ           #.......     11%         2    None
 Passwall                 Tmut/Erth      #.......     16%         2    None
 Slow                     Hex            #.......     16%         2    None
 Petrify                  Tmut/Erth      #.......     71%         4    ####...
 Lee's Rapid Deconstruct  Erth           #.........   96%         5    #####..
 Ignition                 Fire           #.........   100%        8    #######
 Shatter                  Erth           #.........   100%        9    #######
 Tornado                  Air            #####.....   100%        9    #######


Dungeon Overview and Level Annotations

Branches:
Dungeon (8/15)             Temple (1/1) D:4
   Lair: D:8-11

Altars:
Ashenzari
Cheibriados
Dithmenos
Elyvilon
Fedhas
Gozag
Hepliaklqana
Makhleb
Nemelex Xobeh
Okawaru
Qazlal
Ru
Sif Muna
Trog
Uskayaw
Vehumet
Wu Jian
Xom
Yredelemnul
Zin
The Shining One

Shops:
D:4 ?   D:7 *

Annotations:
D:7 2 transporters


Innate Abilities, Weirdness & Mutations

You cannot wear boots.
Your serpentine skin is tough. (AC +3)
You have supernaturally acute eyesight. (SInv)
Armour fits poorly on your strangely shaped body.
Your system is resistant to poisons. (rPois)
You cover ground very slowly.
You have a slow metabolism.
You can spit poison.


Message History

You see here a +0 short sword.
You are feeling hungry.
(D) Dungeon (T) Temple
Where to? (Enter - D:1, ? - help)
There is a stone staircase leading up here.
You climb upwards.
There is a stone staircase leading down here.
You see here a +0 robe.
There is a stone staircase leading up here.
You climb upwards.
There is a stone staircase leading down here.
There is an open gate here.
There is a staircase leading out of the dungeon here.
Okay, then.
Saving game... please wait.
Welcome back, GameOver the Naga Wizard.
Okawaru says: Bring me glory in combat!
Press ? for a list of commands and other information.
Are you sure you want to leave the Dungeon?
This will make you lose the game!
You have escaped!

..#...##.....♣.....♣.............
......##...................##....
#.....##......#'''#..........###.
##[....#.^..###...###.........##.
##..........#.......#.........##.
##...#......#.......#.....###.##.
#....#......#.......#.....# #.##.
#....#......#.......#.....# #....
#....'......#...@...#.....# ####.
##...##...###.......###...# #.
#.........#...........#...# #.
###...#...#.8.......8.#...# ###.
#...#...#...#####...#...## #...
#...#...#####...#####....# #.#.
#......................#.###.#.
#...##.................#.......
#.............⌠........#.......


There were no monsters in sight!

Vanquished Creatures
  Pikel (D:7)
  A polar bear (D:8)
  Grinder (D:3)
  A hippogriff (D:8)
  Sigmund (D:3)
  3 water moccasins
  2 orc warriors
  5 ice beasts
  2 sky beasts
  2 phantoms
  2 ogres
  5 centaurs
  A big kobold (D:7)
  Blork the orc (D:5)
  2 bullfrogs
  2 gnoll sergeants (D:8)
  4 scorpions
  A hornet simulacrum (D:8)
  3 killer bees (D:5)
  2 howler monkeys
  A crimson imp (D:7)
  A centaur zombie (D:5)
  6 hounds
  3 jellies
  3 orc priests
  2 centaur skeletons (D:6)
  Jessica (D:2)
  2 iguanas
  11 orc wizards
  9 worker ants
  A killer bee zombie (D:8)
  A worker ant zombie (D:7)
  3 adders
  10 gnolls (D:8)
  2 shadow imps
  4 white imps (D:8)
  A worker ant simulacrum (D:8)
  2 oozes
  An adder zombie (D:8)
  2 adder skeletons
  7 worms
  3 dart slugs
  An adder simulacrum (D:8)
  3 leopard geckos
  37 orcs
  4 ball pythons
  5 giant cockroaches
  10 goblins
  10 hobgoblins
  5 jackals
  8 kobolds
  6 quokkas
  9 bats
  6 frilled lizards
  3 leopard gecko skeletons
  A quokka simulacrum (D:8)
  13 rats
239 creatures vanquished.

Vanquished Creatures (collateral kills)
  A killer bee (D:5)
  An orc (D:5)
2 creatures vanquished.

Vanquished Creatures (others)
  A slave (D:7)
  A bullfrog (D:7)
  A jelly (D:7)
  A hobgoblin (D:2)
  A quokka (D:2)
5 creatures vanquished.

Grand Total: 246 creatures vanquished

Notes
Turn   | Place    | Note
-------+----------+-------------------------------------------
     0 | D:1      | GameOver the Naga Wizard began the quest for the Orb.
     0 | D:1      | Reached XP level 1. HP: 15/15 MP: 4/4
    87 | D:1      | Reached XP level 2. HP: 22/22 MP: 6/6
   288 | D:1      | Reached XP level 3. HP: 18/28 MP: 5/7
   292 | D:1      | Learned a level 2 spell: Blink
   296 | D:1      | Learned a level 3 spell: Mephitic Cloud
   796 | D:2      | Found a hide-covered altar of Uskayaw.
   966 | D:2      | Found a white marble altar of Elyvilon.
  1040 | D:2      | Noticed an orc warrior
  1093 | D:2      | Killed an orc warrior
  1093 | D:2      | Reached skill level 5 in Conjurations
  1093 | D:2      | Reached XP level 4. HP: 19/36 MP: 6/8
  1093 | D:2      | Reached XP level 5. HP: 22/42 MP: 6/9
  1514 | D:3      | Noticed Jessica
  1533 | D:2      | Killed Jessica
  1657 | D:3      | Reached XP level 6. HP: 41/49 MP: 10/10
  1697 | D:3      | Noticed Sigmund
  1706 | D:3      | Killed Sigmund
  1714 | D:3      | Found a stormy altar of Qazlal.
  1932 | D:3      | Reached skill level 1 in Poison Magic
  1945 | D:3      | Reached XP level 7. HP: 55/55 MP: 11/11
  1952 | D:3      | Noticed Grinder
  1969 | D:3      | Killed Grinder
  2160 | D:3      | Reached skill level 5 in Stealth
  2260 | D:3      | Learned a level 3 spell: Conjure Flame
  2387 | D:4      | Found a staircase to the Ecumenical Temple.
  2395 | Temple   | Entered the Ecumenical Temple
  2538 | Temple   | Became a worshipper of Warmaster Okawaru
  2638 | D:4      | Reached XP level 8. HP: 59/62 MP: 11/12
  2770 | D:4      | Found a shadowy altar of Dithmenos.
  2806 | D:4      | Reached skill level 5 in Poison Magic
  2873 | D:4      | Found a burning altar of Makhleb.
  2887 | D:4      | Found Ceten's Magic Scroll Shoppe.
  2913 | D:4      | Bought a scroll of teleportation for 30 gold pieces
  2913 | D:4      | Bought a scroll of amnesia for 35 gold pieces
  2913 | D:4      | Bought a scroll of random uselessness for 10 gold pieces
  2913 | D:4      | Bought a scroll of random uselessness for 10 gold pieces
  2913 | D:4      | Bought a scroll of identify for 20 gold pieces
  3022 | D:4      | Found a shattered altar of Ashenzari.
  3126 | D:5      | Entered Level 5 of the Dungeon
  3227 | D:5      | Reached skill level 1 in Polearms
  3318 | D:5      | Reached * piety under Okawaru
  3331 | D:5      | Learned a level 3 spell: Static Discharge
  3476 | D:5      | Reached skill level 1 in Air Magic
  3519 | D:5      | Reached skill level 2 in Air Magic
  3521 | D:5      | Noticed Blork the orc
  3562 | D:5      | Killed Blork the orc
  3562 | D:5      | Reached skill level 3 in Air Magic
  3562 | D:5      | Reached XP level 9. HP: 32/68 MP: 4/13
  3672 | D:5      | Found a hazy altar of Hepliaklqana.
  3998 | D:5      | Reached skill level 5 in Polearms
  4414 | D:6      | Reached ** piety under Okawaru
  4414 | D:6      | Reached skill level 4 in Air Magic
  4567 | D:6      | Reached skill level 5 in Air Magic
  4781 | D:7      | Found a shadowy altar of Dithmenos.
  4812 | D:7      | Reached skill level 6 in Air Magic
  4930 | D:7      | Reached skill level 7 in Air Magic
  4934 | D:7      | Found a transporter.
  4958 | D:7      | Found a transporter.
  4958 | D:7      | Noticed a troll
  5026 | D:7      | Found Xiynu Coifru's Assorted Antiques.
  5034 | D:7      | Bought a blue potion for 21 gold pieces
  5034 | D:7      | Bought a blue potion for 21 gold pieces
  5034 | D:7      | Bought a scroll of identify for 48 gold pieces
  5068 | D:7      | Reached *** piety under Okawaru
  5105 | D:7      | Reached XP level 10. HP: 62/75 MP: 14/14
  5151 | D:7      | Noticed Pikel
  5158 | D:7      | Killed Pikel
  5158 | D:7      | Reached skill level 8 in Air Magic
  5358 | D:7      | Found a shimmering blue altar of Sif Muna.
  5599 | D:8      | Reached skill level 9 in Air Magic
  5974 | D:8      | Reached **** piety under Okawaru
  6579 | D:8      | Upgraded the game from 0.25-a0-62-g88673ef095 to
                  | 0.25-a0-73-g9796ba8d15
  6738 | D:1      | Upgraded the game from 0.25-a0-73-g9796ba8d15 to
                  | 0.25-a0-184-gcd15a05269
  6739 | D:$      | Got out of the dungeon alive.

Levels and vault maps discovered:
D:1:      wander_arrival_estate, layout_basic
D:2:      layout_loops_ring, elyvilon_altar_4, overflow_temple_1_default,
          minmay_misc_feat_rows, minmay_randomly_rotated_circles
D:3:      layout_basic, nicolae_overflow_crystal_walls, minmay_starry_boxes,
          uniq_sigmund, uniq_grinder, uniq_jessica
D:4:      layout_rooms, lemuel_round_altar, marbit_many_paths,
          makhleb_heckhound_becter, minmay_temple_entry_wispy, serial_shops,
          shop, first_ration, minmay_misc_feat_hallway
D:5:      layout_basic, overflow_temple_1_default, minmay_checkerbox,
          uniq_blork_the_orc
D:6:      layout_basic
D:7:      layout_loops_cross, gammafunk_temple_overflow_arena, basic_altar,
          serial_shops, nicolae_shop_statue_plus, kennysheep_small_circle,
          uniq_pikel
D:8:      layout_loops_corners, serial_ice, serial_ice_k, serial_ice_a,
          serial_ice_h, serial_ice_f, serial_ice_m
Temple:   oiseaux_autumnal_temple

Skill      XL: |  1  2  3  4  5  6  7  8  9 10 |
---------------+-------------------------------+-----
Conjurations   | 2 5 6 7 |  7.9
Poison Magic   | 1 4 6 |  6.1
Stealth        | 5 6 |  6.0
Translocations | 3 |  3.0
Polearms       | 4 6 |  6.0
Air Magic      | 3 7 9 |  9.0
Spellcasting   | 4 |  4.7
Dodging        | |  1.5
Summonings     | |  1.0

Action                   |  1- 3 |  4- 6 |  7- 9 | 10-12 || total
-------------------------+-------+-------+-------+-------++-------
Melee: Dagger            |     5 |    15 |    51 |       ||    71
       Spear             |       |       |     7 |     3 ||    10
       Glaive            |       |       |    93 |    36 ||   129
       Trident           |       |       |       |    96 ||    96
 Cast: Magic Dart        |    38 |    38 |   176 |    78 ||   330
       Mephitic Cloud    |     2 |     3 |    20 |    14 ||    39
       Conjure Flame     |       |       |    11 |     9 ||    20
       Blink             |       |       |     4 |     1 ||     5
Invok: Heroism           |       |       |     1 |       ||     1
 Abil: Spit Poison       |    43 |    25 |    75 |    36 ||   179
  Use: Scroll            |       |     3 |     5 |     4 ||    12
 Stab: Confused          |       |     1 |     7 |     6 ||    14
       Sleeping          |       |       |     3 |       ||     3
  Eat: Chunk             |     2 |     5 |    16 |     8 ||    31
Armor: Robe              |     7 |     3 |    36 |    19 ||    65
Dodge: Dodged            |    15 |    21 |    65 |    33 ||   134

Table legend:
 A = Non-vault XP
 B = Vault XP
 C = Vault XP percentage of total XP
 D = Non-vault monster count
 E = Vault monster count
 F = Vault count percentage of total count
                 A         B        C        D         E       F
            +---------+---------+-------+---------+---------+-------
      Total |    5262 |    2350 |  30.9 |     211 |      30 |  12.4
            +---------+---------+-------+---------+---------+-------
        D:1 |      46 |       0 |   0.0 |      25 |       0 |   0.0
        D:2 |      32 |     184 |  85.2 |      21 |       7 |  25.0
        D:3 |     227 |     526 |  69.9 |      30 |       5 |  14.3
        D:4 |     401 |      44 |   9.9 |      19 |       2 |   9.5
        D:5 |     883 |     232 |  20.8 |      26 |       3 |  10.3
        D:6 |     971 |       0 |   0.0 |      23 |       0 |   0.0
        D:7 |    1446 |     685 |  32.1 |      41 |       2 |   4.7
        D:8 |    1256 |     679 |  35.1 |      26 |      11 |  29.7
            +---------+---------+-------+---------+---------+-------
